 Dungeon Crawl Stone Soup version 0.32-a0-711-g016ad743e0 (webtiles) character file.

Game seed: 14254219840171906350

27796 runemasterragnar the Destroyer (level 13, -2/88 HPs)
             Began as an Octopode Shapeshifter on Mar 15, 2024.
             Was an Elder of Vehumet.
             Slain by a meliai
             ... wielding a +0 war axe
              (16 damage)
             ... on level 12 of the Dungeon.
             The game lasted 00:41:48 (18681 turns).

runemasterragnar the Destroyer (OpSh)              Turns: 18681, Time: 00:41:48

Health: -2/88      AC:  5    Str: 25    XL:     13   Next: 34%
Magic:  22/26      EV: 12    Int: 15    God:    Vehumet [****..]
Gold:   1691       SH:  8    Dex: 13    Spells: 3/26 levels left

rFire   + + +        x - +1 dagger (venom)
rCold   . . .        f - +3 buckler
rNeg    + . .        (helmet currently unavailable)
rPois   .            (no amulet)
rElec   .            k - ring "Kiuss" {rN+ Will+ Str+3 Dex+2 Stlth-}
rCorr   .            u - +6 ring of strength
SInv    .            A - +4 ring of protection
Will    ++...        o - ring of willpower
Stlth   ++++         l - ring of protection from fire
HPRegen 0.34/turn    (no ring)
MPRegen 0.20/turn    (no ring)
                     (no ring)

%: no passive effects
@: beast-form
A: beast (slay +1), almost no armour, amphibious, 8 rings, camouflage 1,
gelatinous body 1, (nimble swimmer 1), tentacles, fire resistance 2, high MP 1
a: Begin Untransformation, Renounce Religion


You were on level 12 of the Dungeon.
You worshipped Vehumet.
Vehumet was greatly pleased with you.
You were a hulking beast.
You visited 2 branches of the dungeon, and saw 15 of its levels.
You also visited: Sewer and Ossuary.

You collected 1691 gold pieces.

Inventory:

Hand Weapons
 x - a +1 dagger of venom (weapon)
 M - the +5 whip of the Wasteland {freeze, Str+3}
   (You found it on level 8 of the Dungeon)

   Str+3:     It affects your strength (+3).
 Q - a +2 hand axe of freezing
Missiles
 e - a throwing net (quivered)
 g - 8 javelins
 q - 6 boomerangs
 v - 4 curare-tipped darts
Armour
 f - a +3 buckler (worn)
Jewellery
 k - the ring "Kiuss" (left tentacle) {rN+ Will+ Str+3 Dex+2 Stlth-}
   (You found it on level 2 of the Dungeon)

   [ring of positive energy]

   Str+3:     It affects your strength (+3).
   Dex+2:     It affects your dexterity (+2).
   rN+:       It protects you from negative energy.
   Will+:     It increases your willpower.
   Stlth-:    It makes you less stealthy.
 l - a ring of protection from fire (on tentacle)
 o - a ring of willpower (on tentacle)
 u - a +6 ring of strength (right tentacle)
 A - a +4 ring of protection (on tentacle)
 J - an amulet of faith
Talismans
 b - a beast talisman (active)
 c - a flux talisman
 h - a maw talisman
Wands
 a - a wand of polymorph (7)
 y - a wand of warping (24)
 K - a wand of light (8)
 O - a wand of paralysis (14)
Scrolls
 d - 3 scrolls of revelation
 j - 3 scrolls of fear
 m - a scroll of poison
 p - 4 scrolls of noise
 s - 2 scrolls of identify
 t - a scroll of amnesia
 w - 4 scrolls of teleportation
 D - 2 scrolls of enchant weapon
 E - a scroll of immolation
 P - a scroll of vulnerability
 R - a scroll of silence
Potions
 i - a potion of cancellation
 n - 3 potions of might
 r - a potion of magic {unknown}
 z - a potion of attraction {unknown}
 C - a potion of lignification
 F - 2 potions of degeneration
 G - 3 potions of ambrosia
 H - 4 potions of mutation
 L - a potion of brilliance
 N - 4 potions of haste


   Skills:
 + Level 7.7 Fighting
 - Level 2.8 Dodging
 - Level 10.0 Stealth
 - Level 6.7 Shields
 - Level 3.6 Unarmed Combat
 + Level 7.4 Spellcasting
 * Level 11.7 Conjurations
 * Level 10.1 Fire Magic
 - Level 6.2 Alchemy
 - Level 3.4 Shapeshifting


You had 3 spell levels left.
You knew the following spells:

 Your Spells              Type           Power      Damage    Failure   Level
a - Sting                 Conj/Alch      100%       1d9       1%          1
b - Searing Ray           Conj           80%        2d7       1%          2
c - Mercury Vapours       Alch/Air       28%        N/A       1%          2
d - Scorch                Fire           70%        2d7       1%          2
e - Mephitic Cloud        Conj/Alch/Air  23%        N/A       1%          3
f - Olgreb's Toxic Radia  Alch           24%        N/A       3%          4
g - Ignite Poison         Fire/Alch      30%        N/A       1%          4
h - Fireball              Conj/Fire      19%        3d9       1%          5

Your spell library contained the following spells:

 Spells                   Type           Power      Damage    Failure   Level
 Fulminant Prism          Conj/Alch      16%        3d10      1%          4
 Kiss of Death            Conj/Necr      92%        2d12      1%          1
 Stone Arrow              Conj/Erth      46%        3d9       1%          3
 Ensorcelled Hibernation  Hex/Ice        10%        N/A       22%         2
 Confusing Touch          Hex            5%         N/A       41%         3
 Passwall                 Erth           5%         N/A       41%         3
 Swiftness                Air            5%         N/A       41%         3
 Iskenderun's Battlesphe  Conj           40%        2d9       1%          5
 Bombard                  Conj/Erth      11%        9d3       45%         6
 Lee's Rapid Deconstruct  Erth           2%         3d5*      67%         5
 Dispel Undead            Necr           5%         3d7       82%         4
 Summon Lightning Spire   Summ/Air       5%         N/A       82%         4
 Spellforged Servitor     Conj/Summ      11%        N/A       93%         7
 Lehudib's Crystal Spear  Conj/Erth      11%        10d4      100%        8
 Fire Storm               Conj/Fire      19%        8d5       100%        9
 Animate Armour           Summ/Erth      Unusable   N/A       N/A         4

Dungeon Overview and Level Annotations

Branches:
Dungeon (13/15)            Temple (0/1) D:6            Lair (0/5) D:10
    Orc (2/2) D:11            Elf (0/3) Orc:2         Sewer (visited)
Ossuary (visited)
 Vaults: D:13-14

Altars:
Ashenzari
Gozag
Kikubaaqudgha
Makhleb
Nemelex Xobeh
Qazlal
Sif Muna
Uskayaw
Vehumet
Xom
Yredelemnul
Beogh

Shops:
Orc:2 :[(?(:*[[

Annotations:
Orc:2 1 runed translucent door, dialectric's ghost, journeyman DsFi


Innate Abilities, Weirdness & Mutations

You are a hulking beast.
Your limbs bulge with bestial killing power. (Slay +1)
You cannot wear most types of armour.
You are amphibious.
You can wear up to eight rings at the same time.
Your skin changes colour to match your surroundings (Stealth+).
Your rubbery body absorbs attacks. (AC +1, EV +1)
((You are camouflaged when in or above water. (Stealth+)))
You have tentacles for arms and can constrict up to eight enemies at once.
Your flesh is very heat resistant. (rF++)
You have an increased reservoir of magic. (+10% MP)


Message History

The centaur is poisoned. x4; The meliai is poisoned.
The centaur warrior looks even sicker.
The centaur looks even sicker. x2
The meliai looks even sicker.
The centaur shoots an arrow.
The arrow hits you! The meliai hits you with a +0 war axe.
The meliai misses you.
The centaur wields a +0 orcbow.
The centaur shoots an arrow.
You block the arrow.
The centaur hits you but does no damage.
The centaur kicks you but does no damage.
The centaur shoots an arrow.
The arrow barely misses you. You block the meliai's attack.
The meliai stings you.
You are poisoned.
The meliai poisons you!
The centaur warrior wields a +0 shortbow.
The centaur warrior shoots an arrow.
The arrow hits you!
You hear a roar!
Unknown command.
Unknown command.
The centaur warrior looks even sicker.
The centaur looks even sicker. x3
Your toxic aura wanes.
You feel very sick. You block the centaur's attack. The centaur kicks you.
* * * LOW HITPOINT WARNING * * *
The meliai mumbles some strange prayers to its god against you.
Something smites you!
* * * LOW HITPOINT WARNING * * *
The centaur shoots an arrow.
You block the arrow.
The centaur hits you but does no damage.
The centaur kicks you but does no damage.
The meliai closely misses you. The meliai stings you.
* * * LOW HITPOINT WARNING * * *
You climb upwards.
* * * LOW HITPOINT WARNING * * *
You feel very sick.
There is a stone staircase leading down here.
Unknown command.
You feel better. The meliai misses you. You block the meliai's attack.
The centaur hits you.
* * * LOW HITPOINT WARNING * * *
You block the centaur's attack. The meliai hits you with a +0 war axe!
You die...

#..###.#(# #.# #.....###.# ###
#..###.#.# #.# ##...## #.#
.......#.# #.# ##### ##'##
#........# #.# ##...## ##.#######
#.#### ##.....#### ##.## ###.##.##
##.......#..
#...#######.......####..........#
.........)...........'.รท.........
#...#######.###.hc####.........##
##.## #.##..y.# ##.......## ##.#
#.##.##.# ##.....## ...# #.##.##.#
##...## .### #.##.##.# ##'## .#
#.......# #.# .# ####.#########
#.# .# #.#.......###.###### .#
#.#.#####.##...#....


You could see a meliai (very poisoned) and a centaur (very poisoned).

Vanquished Creatures
  Harold (D:9)
  2 ogre magi (Orc:2)
  5 two-headed ogres
  Urug (D:12)
  Nergalle (Orc:2)
  Lodul (D:12)
  9 orc sorcerers
  A cyclops (D:12)
  2 meliai (D:13)
  2 manticores
  3 kobold blastminers
  2 kobold demonologists
  A rime drake (D:10)
  3 polar bears (D:10)
  4 trolls
  A tarantella (shapeshifter) (D:9)
  Grinder (D:4)
  A hornet (D:9)
  3 shadows
  A basilisk (D:12)
  A vampire (D:6)
  17 yaks
  3 wyverns
  A steam dragon (D:10)
  2 wargs
  5 vampire mosquitoes
  3 acid dragons
  2 water moccasins (D:8)
  2 sky beasts (D:8)
  10 orc warriors
  5 ice beasts
  A black bear (D:6)
  2 centaurs
  4 wolves (D:10)
  17 ogres
  2 phantoms (D:6)
  3 bullfrogs
  3 kobold brigands
  3 elf zombies (Ossuary)
  Blork the orc (D:4)
  A gnoll sergeant (D:10)
  3 scorpions
  8 wights
  4 killer bees (D:10)
  5 howler monkeys
  A centaur zombie (Ossuary)
  A hound (D:6)
  A jelly (D:6)
  3 human zombies (Ossuary)
  5 orc priests
  Crazy Yiuf (D:5)
  A gnoll bouda (D:5)
  A human skeleton (D:6)
  5 scorpion zombies (D:6)
  2 iguanas (D:6)
  29 orc wizards
  A hound zombie (Ossuary)
  A hound skeleton (D:6)
  2 mummies (Ossuary)
  Robin (D:4)
  15 gnolls
  2 howler monkey skeletons (D:6)
  11 adders
  5 river rats (Sewer)
  A shadow imp (D:4)
  A white imp (D:5)
  4 ufetubi
  6 adder zombies (Ossuary)
  A dart slug (D:2)
  4 ribbon worms
  31 orcs
  12 ball pythons
  5 endoplasms
  2 giant cockroaches
  4 gnoll zombies (Ossuary)
  10 hobgoblins
  5 quokkas
  2 bats
  3 frilled lizards
  15 goblins
  5 jackal zombies (Ossuary)
  27 kobolds
  7 kobold zombies (Ossuary)
  7 orc zombies (Ossuary)
  32 rats
425 creatures vanquished.

Vanquished Creatures (others)
  An orc wizard (D:10)
  2 orcs (D:10)
3 creatures vanquished.

Grand Total: 428 creatures vanquished

Notes
Turn   | Place    | Note
-------+----------+-------------------------------------------
     0 | D:1      | runemasterragnar the Octopode Shapeshifter began the quest
                  | for the Orb.
     0 | D:1      | Reached XP level 1. HP: 13/13 MP: 1/1
   155 | D:1      | Reached XP level 2. HP: 11/18 MP: 2/2
   332 | D:1      | Reached skill level 1 in Stealth
   960 | D:2      | Reached XP level 3. HP: 16/24 MP: 3/3
  1378 | D:2      | Reached XP level 4. HP: 29/29 MP: 4/4
  1432 | D:2      | Reached skill level 1 in Shields
  1545 | D:2      | Identified the ring "Kiuss" {rN+ Will+ Str+3 Dex+2 Stlth-}
  1912 | D:3      | Noticed an ogre
  1925 | D:3      | HP: 1/43 [ogre/+0 giant club (21)]
  1926 | D:3      | Killed an ogre
  1927 | D:3      | Reached XP level 5. HP: 1/35 MP: 5/5
  2452 | D:3      | Learned a level 1 spell: Sting
  2588 | D:3      | Got the Octavo of Injury
  2592 | D:3      | Learned a level 2 spell: Searing Ray
  3293 | D:4      | Noticed Grinder
  3387 | D:4      | Noticed Blork the orc
  3395 | D:4      | Killed Blork the orc
  3396 | D:4      | Reached skill level 1 in Conjurations
  3396 | D:4      | Reached skill level 1 in Alchemy
  3396 | D:4      | Reached XP level 6. HP: 20/41 MP: 6/6
  3608 | D:4      | Paralysed by Grinder for 4 turns
  3656 | D:4      | Paralysed by Grinder for 5 turns
  3664 | D:4      | Paralysed by Grinder for 5 turns
  3674 | D:4      | Killed Grinder
  3675 | D:4      | Reached skill level 1 in Spellcasting
  3675 | D:4      | Reached skill level 2 in Conjurations
  3675 | D:4      | Reached XP level 7. HP: 39/45 MP: 6/8
  3766 | D:4      | Noticed Robin
  3795 | D:4      | Killed Robin
  4411 | D:5      | Entered Level 5 of the Dungeon
  4533 | D:5      | Reached skill level 3 in Conjurations
  4627 | D:5      | Found a glowing drain.
  4631 | Sewer    | Entered a sewer
  4683 | Sewer    | Gained mutation: Your flesh is heat resistant. (rF+)
                  | [potion of mutation]
  4683 | Sewer    | Gained mutation: You are vulnerable to cold. (rC-) [potion
                  | of mutation]
  4683 | Sewer    | Gained mutation: You sometimes lose your temper in combat.
                  | [potion of mutation]
  4683 | Sewer    | Gained mutation: You have a pair of small antennae on your
                  | head. [potion of mutation]
  4734 | Sewer    | Learned a level 2 spell: Mercury Vapours
  4827 | Sewer    | Reached XP level 8. HP: 48/51 MP: 10/10
  5314 | Sewer    | Lost mutation: You have a pair of small antennae on your
                  | head. [potion of mutation]
  5314 | Sewer    | Lost mutation: You are vulnerable to cold. (rC-) [potion of
                  | mutation]
  5314 | Sewer    | Lost mutation: You sometimes lose your temper in combat.
                  | [potion of mutation]
  5314 | Sewer    | Gained mutation: Your flesh is very heat resistant. (rF++)
                  | [potion of mutation]
  5314 | Sewer    | Gained mutation: You have an increased reservoir of magic.
                  | (+10% MP) [potion of mutation]
  5409 | D:5      | Found a stormy altar of Qazlal.
  5507 | D:5      | Found a runed translucent door.
  5508 | D:5      | Noticed Crazy Yiuf
  5887 | D:5      | Reached skill level 5 in Stealth
  6142 | D:5      | Reached skill level 4 in Conjurations
  6472 | D:5      | Killed Crazy Yiuf
  6660 | D:6      | Noticed a vampire
  6668 | D:6      | Killed a vampire
  6675 | D:6      | Reached skill level 5 in Alchemy
  6732 | D:6      | Found a staircase to the Ecumenical Temple.
  6745 | D:6      | Reached XP level 9. HP: 20/55 MP: 14/14
  6749 | D:6      | Reached skill level 5 in Conjurations
  6943 | D:6      | Found a radiant altar of Vehumet.
  6952 | D:6      | Became a worshipper of Vehumet
  7060 | D:6      | Found a sand-covered staircase.
  7080 | Ossuary  | Entered an ossuary
  7133 | Ossuary  | Reached * piety under Vehumet
  7133 | Ossuary  | Offered knowledge of Shock by Vehumet.
  7434 | Ossuary  | Offered knowledge of Scorch by Vehumet.
  7437 | Ossuary  | Reached ** piety under Vehumet
  7441 | Ossuary  | Learned a level 2 spell: Scorch
  7822 | D:6      | Found a burning altar of Makhleb.
  7827 | D:6      | Reached skill level 6 in Conjurations
  8099 | D:7      | Found a sparkling altar of Nemelex Xobeh.
  8115 | D:7      | Reached skill level 1 in Fire Magic
  8806 | D:8      | Reached skill level 5 in Shields
  8810 | D:8      | Identified the +5 whip of the Wasteland {freeze, Str+3}
  8991 | D:8      | Learned a level 3 spell: Mephitic Cloud
  8996 | D:8      | Learned a level 4 spell: Olgreb's Toxic Radiance
  9017 | D:8      | Reached XP level 10. HP: 46/63 MP: 2/17
  9161 | D:8      | Offered knowledge of Stone Arrow by Vehumet.
  9209 | D:8      | Learned a level 3 spell: Stone Arrow
  9221 | D:8      | Found a basalt altar of Yredelemnul.
  9473 | D:8      | Reached skill level 7 in Conjurations
  9987 | D:9      | Noticed Harold
  9997 | D:9      | Killed Harold
 10175 | D:9      | Reached *** piety under Vehumet
 10198 | D:9      | Noticed a manticore
 10211 | D:9      | Killed a manticore
 10772 | D:9      | Reached skill level 8 in Conjurations
 10772 | D:9      | Reached skill level 5 in Fire Magic
 10772 | D:9      | Reached XP level 11. HP: 27/70 MP: 15/20
 10776 | D:9      | Reached skill level 5 in Spellcasting
 11209 | D:10     | Entered Level 10 of the Dungeon
 11215 | D:10     | Reached skill level 5 in Fighting
 11269 | D:10     | Offered knowledge of Ignite Poison by Vehumet.
 11328 | D:10     | Learned a level 4 spell: Ignite Poison
 11620 | D:10     | Found a staircase to the Lair.
 11626 | D:10     | Reached **** piety under Vehumet
 11627 | D:10     | Offered knowledge of Fireball by Vehumet.
 11784 | D:10     | Found an opulent altar of Gozag.
 11785 | D:10     | Found a broken altar of Ashenzari.
 11786 | D:10     | Found a hide-covered altar of Uskayaw.
 11786 | D:10     | Found a shimmering blue altar of Sif Muna.
 11881 | D:10     | Noticed a sun demon
 11922 | D:10     | Noticed a two-headed ogre
 11925 | D:10     | Killed a two-headed ogre
 11926 | D:10     | Reached skill level 9 in Conjurations
 12490 | D:11     | Found a staircase to the Orcish Mines.
 12774 | Orc:1    | Entered Level 1 of the Orcish Mines
 12774 | Orc:1    | Noticed an orc sorcerer
 12777 | Orc:1    | Killed an orc sorcerer
 12779 | Orc:1    | Noticed an orc sorcerer
 12784 | Orc:1    | Killed an orc sorcerer
 12785 | Orc:1    | Reached skill level 10 in Stealth
 12931 | Orc:1    | Reached XP level 12. HP: 79/79 MP: 4/22
 13138 | Orc:1    | Found a roughly hewn altar of Beogh.
 13280 | Orc:2    | Entered Level 2 of the Orcish Mines
 13280 | Orc:2    | Noticed dialectric's ghost (journeyman DsFi)
 13280 | Orc:2    | Found a runed translucent door.
 13280 | Orc:2    | Found a shimmering altar of Xom.
 13306 | Orc:2    | Found Yhuixt's Antique Weapon Boutique.
 13313 | Orc:2    | Found Resestromm's General Store.
 13344 | Orc:2    | Found Entuko's Antique Armour Boutique.
 13362 | Orc:2    | Found a staircase to the Elven Halls.
 13487 | Orc:2    | Found Poenat's Book Shop.
 13524 | Orc:2    | Noticed a two-headed ogre
 13530 | Orc:2    | Killed a two-headed ogre
 13824 | Orc:2    | Found Orphuot's Armour Emporium.
 14003 | Orc:2    | Paralysed by an orc sorcerer for 4 turns
 14094 | Orc:2    | Reached skill level 10 in Conjurations
 14125 | Orc:2    | Learned a level 5 spell: Fireball
 14134 | Orc:2    | Found Laleo's Magic Scroll Shoppe.
 14143 | Orc:2    | Reached ***** piety under Vehumet
 14149 | Orc:2    | Offered knowledge of Fulminant Prism by Vehumet.
 14176 | Orc:2    | Found an ancient bone altar of Kikubaaqudgha.
 14177 | Orc:2    | Noticed Nergalle
 14181 | Orc:2    | Noticed an ogre mage
 14182 | Orc:2    | Killed Nergalle
 14226 | Orc:2    | Killed an ogre mage
 14321 | Orc:2    | Found a radiant altar of Vehumet.
 14321 | Orc:2    | Noticed an ogre mage
 14327 | Orc:2    | Killed an ogre mage
 14461 | Orc:2    | Found Jevaok's Antique Weapon Shoppe.
 14544 | Orc:2    | Found a roughly hewn altar of Beogh.
 14544 | Orc:2    | Found Wuuti's Antique Armour Shoppe.
 14546 | Orc:2    | Found Karotant's Book Emporium.
 15073 | Orc:1    | You fall into a shaft and drop 1 floor!
 15162 | Orc:1    | Noticed an orc warlord
 15801 | D:11     | Noticed a two-headed ogre
 15805 | D:11     | Killed a two-headed ogre
 15806 | D:11     | Reached skill level 11 in Conjurations
 16516 | D:11     | Reached XP level 13. HP: 86/86 MP: 25/25
 17344 | D:12     | Noticed Urug
 17351 | D:12     | Killed Urug
 18006 | D:12     | Noticed Lodul
 18011 | D:12     | Killed Lodul
 18013 | D:12     | Reached skill level 10 in Fire Magic
 18681 | D:12     | Slain by a meliai

Illustrated notes

Levels and vault maps discovered:
D:1:      dpeg_arrival_arbitrary_c, layout_basic
D:2:      layout_loops_ring, guppyfry_early_lair_pool
D:3:      kennysheep_six_static_rooms, layout_basic, item_on_display_a
D:4:      layout_basic, uniq_blork_the_orc, uniq_robin, uniq_grinder
D:5:      layout_cave_pods, nicolae_qazlal_general_emergency,
          gup_sewer_entry_bowl, uniq_crazy_yiuf_cottage
D:6:      layout_loops_ring, mainiacjoe_overflow_catwalk,
          makhleb_blood_cavern_becter, minmay_temple_entry_tees,
          mainiacjoe_ossuary_entry_find_the_door
D:7:      layout_loops_cross, nemelex_diamond_rough_becter
D:8:      layout_loops_corners, lemuel_round_altar
D:9:      layout_loops_ring, minivault_25_ag, uniq_harold
D:10:     layout_loops_ring, chequers_temple_overflow_statue_of_worship,
          hellmonk_lair_entry_icy, lemuel_flamethrower_2
D:11:     layout_loops_ring, orc_0_dummy, kennysheep_small_square
D:12:     layout_loops_corners, uniq_urug, uniq_lodul
D:13:     layout_rooms, nicolae_trove_entry_diagonal, minmay_holes
Orc:1:    layout_caves, basic_altar, abandoned_shop, minmay_orc_treasury
Orc:2:    kennysheep_orc_mage_school, layout_diamond_mine, serial_shops,
          nicolae_book_shop_shelving, shop, nicolae_shop_advertising_works
          [nicolae_subvault_shop_adworks], shop, nicolae_shop_trees,
          ebering_ghost_xom, nicolae_orc_hostile_takeover

Skill      XL: |  1  2  3  4  5  6  7  8  9 10 11 12 13 |
---------------+----------------------------------------+-----
Stealth        | 1 2 3 4 5 7 8 10 | 10.0
Fighting       | 2 3 4 6 7 |  7.7
Shields        | 1 2 3 5 6 |  6.7
Conjurations   | 1 2 3 4 6 8 9 11 | 11.7
Alchemy        | 1 2 3 5 6 |  6.2
Spellcasting   | 1 2 4 5 6 7 |  7.4
Fire Magic     | 2 5 7 9 10 | 10.1
Dodging        | |  2.8
Unarmed Combat | |  3.6
Shapeshifting  | |  3.4

Action                     |  1- 3 |  4- 6 |  7- 9 | 10-12 | 13-15 || total
---------------------------+-------+-------+-------+-------+-------++-------
  Melee: Unarmed           |    56 |    85 |     1 |       |       ||   142
         Constrict         |    11 |    12 |   112 |    24 |     3 ||   162
         Tentacles         |    11 |    11 |   111 |    48 |     8 ||   189
         Punch             |       |     2 |       |       |       ||     2
         Dagger            |       |       |   355 |   113 |    29 ||   497
         Whip              |       |       |       |    81 |       ||    81
  Throw: Throwing net      |       |       |     1 |       |       ||     1
   Cast: Sting             |       |       |    28 |    11 |       ||    39
         Mercury Vapours   |       |       |    15 |    14 |     2 ||    31
         Olgreb's Toxic Ra |       |       |     3 |    39 |    13 ||    55
         Mephitic Cloud    |       |       |     1 |    11 |     9 ||    21
         Searing Ray       |       |       |       |     8 |     1 ||     9
         Ignite Poison     |       |       |       |    47 |    10 ||    57
         Scorch            |       |       |       |     9 |    11 ||    20
         Fireball          |       |       |       |       |     5 ||     5
  Evoke: Wand              |       |       |       |     9 |       ||     9
    Use: Scroll            |     2 |     2 |    12 |     8 |       ||    24
         Potion            |       |     4 |    11 |     5 |     1 ||    21
   Stab: Sleeping          |     8 |     4 |    20 |     9 |       ||    41
         Distracted        |       |     1 |     1 |       |       ||     2
         Confused          |       |       |       |     1 |       ||     1
         Invisible         |       |       |       |     1 |       ||     1
         Paralysed         |       |       |       |     5 |       ||     5
 Armour: Skin              |    25 |    50 |   184 |   159 |    36 ||   454
  Dodge: Dodged            |    18 |    27 |   176 |   103 |    22 ||   346
  Block: Buckler           |    10 |     7 |    91 |    92 |    25 ||   225

Table legend: (Time is in decaauts)
 A = Elapsed time spent in this place.
 B = Non-inter-level travel time spent in this place.
 C = Inter-level travel time spent in this place.
 D = Time resting spent in this place.
 E = Time spent auto-exploring this place.
 F = Levels seen in this place.
 G = Mean time per level.
                   A        B        C        D        E       F      G
               +--------+--------+--------+--------+--------+-----+--------+
         Total |  18698 |  17970 |    728 |   4636 |  10292 |  17 | 1099.9 |
       Dungeon |  14832 |  14217 |    615 |   3445 |   8595 |  13 | 1140.9 |
  Orcish Mines |   2741 |   2629 |    112 |   1152 |   1013 |   2 | 1370.5 |
         Sewer |    731 |    731 |      0 |     39 |    458 |   1 |  731.0 |
       Ossuary |    393 |    393 |      0 |      0 |    226 |   1 |  393.0 |
               +--------+--------+--------+--------+--------+-----+--------+

Top non-repeatable levels by time:
    D:12: 1941 daAuts
   Orc:2: 1888 daAuts
    D:11: 1548 daAuts
     D:3: 1482 daAuts
     D:5: 1469 daAuts
     D:9: 1338 daAuts
     D:8: 1260 daAuts
    D:10: 1215 daAuts
     D:4: 1142 daAuts
     D:6: 944 daAuts
     D:1: 928 daAuts
     D:2: 887 daAuts
   Orc:1: 853 daAuts
   Sewer: 731 daAuts
     D:7: 641 daAuts
